 Dungeon Crawl Stone Soup version 0.31.0-12-g77e489cdc1 (webtiles) character file.

Game seed: 5693035649615635110

2273 spaghetti the Skirmisher (level 9, -2/73 HPs)
             Began as a Naga Hunter on Feb 18, 2024.
             Was an Initiate of Yredelemnul.
             Killed from afar by a steam dragon (9 damage)
             ... with a ball of steam
             ... on level 7 of the Dungeon.
             The game lasted 00:08:24 (5817 turns).

spaghetti the Skirmisher (Naga Hunter)              Turns: 5817, Time: 00:08:24

Health: -2/73      AC:  6    Str: 13    XL:     9   Next: 38%
Magic:  15/15      EV:  9    Int: 10    God:    Yredelemnul [......]
Gold:   356        SH:  0    Dex: 19    Spells: 8/8 levels left

rFire   . . .        a - +1 shortbow
rCold   . . .        (shield currently unavailable)
rNeg    + . .        c - +0 leather armour
rPois   +            (no helmet)
rElec   .            n - +0 cloak
rCorr   .            f - +0 pair of gloves
SInv    +            (no barding)
Will    +....        (no amulet)
Stlth   ++           o - ring of flight
HPRegen 0.32/turn    g - ring of positive energy
MPRegen 0.14/turn

%: no passive effects
@: short of breath, flying, very slow
A: AC +3, large, see invisible, deformed body, poison resistance, slowness 2,
spit poison 1, naga tail 1
a: Spit Poison, Renounce Religion, Recall Undead Harvest


You were on level 7 of the Dungeon.
You worshipped Yredelemnul.
Yredelemnul was aware of your devotion.
You visited 1 branch of the dungeon, and saw 7 of its levels.

You collected 356 gold pieces.

Inventory:

Hand Weapons
 a - a +1 shortbow (weapon)
Armour
 c - a +0 leather armour (worn)
 f - a +0 pair of gloves (worn)
 n - a +0 cloak (worn)
 q - the +1 scale mail of Bahia {Fly rElec}
   (You found it on level 6 of the Dungeon)

   rElec:     It insulates you from electricity.
   Fly:       It grants you flight.
Jewellery
 g - a ring of positive energy (right hand)
 o - a ring of flight (left hand)
Wands
 s - a wand of charming (8)
Scrolls
 b - 2 scrolls of butterflies
 d - 2 scrolls of identify
 e - 2 scrolls of noise
 h - 2 scrolls of teleportation
 i - a scroll of poison
 j - 2 scrolls of amnesia
 k - 2 scrolls of vulnerability
 r - a scroll of brand weapon {unknown}
Potions
 l - a potion of haste
 p - a potion of magic


   Skills:
 - Level 2.0 Fighting
 + Level 9.5 Ranged Weapons
 - Level 1.5 Dodging
 - Level 1.5 Stealth
 + Level 8.1 Invocations
 + Level 0.8 Evocations


You had 8 spell levels left.
You didn't know any spells.
Your spell library contained the following spells:

 Spells                   Type           Power      Damage    Failure   Level
 Apportation              Tloc           0%         N/A       43%         1
 Necrotise                Necr           0%         1d4       43%         1
 Shock                    Conj/Air       0%         1d3       43%         1
 Sting                    Conj/Alch      0%         1d3       43%         1
 Summon Small Mammal      Summ           0%         N/A       43%         1
 Mercury Vapours          Alch/Air       0%         N/A       58%         2
 Inner Flame              Hex/Fire       0%         N/A       82%         3
 Mephitic Cloud           Conj/Alch/Air  0%         N/A       82%         3
 Swiftness                Air            0%         N/A       82%         3
 Airstrike                Air            0%         2d(0-16)  99%         4
 Freezing Cloud           Conj/Ice/Air   0%         6-21      100%        5
 Irradiate                Conj/Alch      0%         3d11      100%        5
 Sculpt Simulacrum        Ice/Alch       0%         N/A       100%        6
 Ozocubu's Refrigeration  Ice            0%         4d7       100%        7
 Ignition                 Fire           0%         3d3       100%        8
 Polar Vortex             Ice            0%         N/A       100%        9


Dungeon Overview and Level Annotations

Branches:
Dungeon (7/15)             Temple (0/1) D:6

Altars:
Ashenzari
Kikubaaqudgha
Wu Jian
Yredelemnul


Innate Abilities, Weirdness & Mutations

Your serpentine skin is tough. (AC +3)
You have supernaturally acute eyesight. (SInv)
Armour fits poorly on your strangely shaped body.
Your system is resistant to poisons. (rPois)
You cover ground very slowly.
You can spit poison.
You have a snake-like lower body.


Message History

The steam dragon breathes steam at you. The ball of steam hits you!
You shoot an arrow.
The arrow closely misses the steam dragon.
You are engulfed in a cloud of scalding steam.
The steam dragon bites you.
The steam dragon claws you but does no damage.
You shoot an arrow.
The arrow hits the steam dragon but does no damage.
The steam dragon is severely wounded.
You are engulfed in a cloud of scalding steam.
* * * LOW HITPOINT WARNING * * *
You shoot an arrow. The arrow hits the steam dragon.
The steam dragon is severely wounded.
You are engulfed in a cloud of scalding steam.
* * * LOW HITPOINT WARNING * * *
The steam dragon closely misses you. The steam dragon barely misses you.
Unknown command.
You feel better. The steam dragon breathes steam at you.
The ball of steam misses you.
You shoot an arrow.
The arrow closely misses the steam dragon.
You are engulfed in a cloud of scalding steam.
* * * LOW HITPOINT WARNING * * *
The steam dragon bites you.
* * * LOW HITPOINT WARNING * * *
The steam dragon claws you but does no damage.
Unknown command.
Okay, then.
Okay, then.
Aiming: Spit Poison (1% risk of failure)
Press: ? - help, Shift-Dir - straight line, f/p - steam dragon
Aim: a steam dragon (severely wounded, 64% to hit)
The splash of poison hits the steam dragon.
The steam dragon is almost dead.
The steam dragon breathes steam at you. The ball of steam hits you!
You die...
Your body rises from the dead as a mindless zombie.

........?..#
...........#
...........#
.........§.#
.........§.#
...........#
......)..§.#
........§§§#
.........@.#
.........D.#
######.....#
#.....#
.....#....
#.....#
#.....#....
#.....#
#.....+....
#.....#
#.....#....
#.....#
#.....#....
#.....#
#.....#....


You could see a steam dragon (catching breath).

Vanquished Creatures
  Sigmund (D:2)
  Menkaure (D:6)
  2 ice beasts
  3 ogres
  A sky beast (D:6)
  A black bear (D:6)
  2 centaurs
  3 phantoms
  3 wights (D:6)
  3 howler monkeys (D:7)
  3 bombardier beetles
  Crazy Yiuf (D:3)
  2 jellies (D:6)
  2 orc priests (D:5)
  7 hounds
  A sleepcap (D:6)
  An iguana (D:6)
  4 orc wizards (D:5)
  2 adders
  A white imp (D:5)
  5 dart slugs
  9 orcs
  8 bats
  12 endoplasms
  3 giant cockroaches
  3 hobgoblins
  3 jackals (D:4)
  4 kobolds
  5 quokkas
  6 ball pythons
  4 frilled lizards
  5 goblins
  5 rats
116 creatures vanquished.

Vanquished Creatures (collateral kills)
  An adder (D:3)
  An orc (D:5)
2 creatures vanquished.

Vanquished Creatures (others)
  An ice beast zombie (D:7)
  A jelly zombie (D:6)
  An adder zombie (D:5)
  A bombardier beetle zombie (D:5)
  A dart slug zombie (D:5)
  An endoplasm zombie (D:4)
  3 orc zombies (D:5)
9 creatures vanquished.

Grand Total: 127 creatures vanquished

Notes
Turn   | Place    | Note
-------+----------+-------------------------------------------
     0 | D:1      | spaghetti the Naga Hunter began the quest for the Orb.
     0 | D:1      | Reached XP level 1. HP: 19/19 MP: 1/1
    66 | D:1      | Reached skill level 4 in Ranged Weapons
    66 | D:1      | Reached XP level 2. HP: 26/26 MP: 2/2
   170 | D:1      | Reached XP level 3. HP: 32/32 MP: 3/3
   517 | D:2      | Noticed Sigmund
   534 | D:2      | Killed Sigmund
   535 | D:2      | Reached skill level 6 in Ranged Weapons
   535 | D:2      | Reached XP level 4. HP: 16/39 MP: 4/4
   535 | D:2      | Reached XP level 5. HP: 18/45 MP: 5/5
   675 | D:2      | Found an ancient bone altar of Kikubaaqudgha.
  1574 | D:3      | Found a faded altar of an unknown god.
  1580 | D:3      | Found an ornate altar of the Wu Jian Council.
  1583 | D:3      | Prayed at the altar of an unknown god.
  1583 | D:3      | Became a worshipper of Yredelemnul the Dark
  1583 | D:3      | Reached * piety under Yredelemnul
  1645 | D:3      | Reached XP level 6. HP: 52/52 MP: 6/6
  1945 | D:3      | Found a broken altar of Ashenzari.
  2289 | D:3      | Found a runed translucent door.
  2290 | D:3      | Noticed Crazy Yiuf
  2298 | D:3      | Killed Crazy Yiuf
  2299 | D:3      | Reached skill level 1 in Invocations
  2865 | D:4      | Reached skill level 7 in Ranged Weapons
  2865 | D:4      | Reached XP level 7. HP: 60/60 MP: 7/9
  3402 | D:5      | Entered Level 5 of the Dungeon
  3889 | D:5      | Reached skill level 5 in Invocations
  3889 | D:5      | Reached XP level 8. HP: 44/67 MP: 11/11
  4062 | D:5      | Reached skill level 8 in Ranged Weapons
  4761 | D:6      | Noticed Menkaure
  4765 | D:6      | Killed Menkaure
  4837 | D:6      | Identified the +1 scale mail of Bahia {Fly rElec}
  4912 | D:6      | Found a staircase to the Ecumenical Temple.
  5307 | D:6      | Reached skill level 9 in Ranged Weapons
  5307 | D:6      | Reached XP level 9. HP: 71/73 MP: 14/14
  5817 | D:7      | Killed from afar by a steam dragon

Illustrated notes

Levels and vault maps discovered:
D:1:      saegor_arrival_simple_e, layout_rooms, dreamdust_mushroom_princess
D:2:      layout_loops_ring, basic_altar, grunt_decor_mini_mirrors, st_stairs_7,
          uniq_sigmund
D:3:      layout_basic, nicolae_overflow_ecumenical_swirl, lemuel_doored_altar,
          uniq_crazy_yiuf_cottage
D:4:      layout_basic
D:5:      layout_cave_pools
D:6:      layout_basic, temple_pool_b, uniq_menkaure
D:7:      nzn_winding_woodlands_small [nzn_winding_woodlands_5x15_default,
          nzn_winding_woodlands_center_lodge,
          nzn_winding_woodlands_5x15_pockets], layout_gridville,
          minmay_small_thing, uniq_pikel

Skill      XL: |  1  2  3  4  5  6  7  8  9 |
---------------+----------------------------+-----
Ranged Weapons | 4 6 7 9 |  9.5
Invocations    | 2 5 7 8 |  8.1
Fighting       | |  2.0
Dodging        | |  1.5
Stealth        | |  1.5
Evocations     | |  0.8

Action                     |  1- 3 |  4- 6 |  7- 9 || total
---------------------------+-------+-------+-------++-------
  Melee: Shortbow          |     3 |       |       ||     3
   Fire: Shortbow          |    81 |   122 |   311 ||   514
Ability: Spit Poison       |     2 |     1 |    12 ||    15
    Use: Potion            |     3 |     1 |     4 ||     8
         Scroll            |       |     8 |     5 ||    13
 Armour: Leather armour    |    13 |    48 |   147 ||   208
  Dodge: Dodged            |    19 |    32 |    87 ||   138
